Map: Altitude LE

Players

MasterCruz

  • Race: Protoss Protoss
  • Spawn Location: 1:00

MattBarry - Winner!

  • Race: Zerg Zerg
  • League: Gold
  • Spawn Location: 7:00

VOD

Have the link to the VOD?

Description

Time

  • Played on: Feb. 10, 2023, 3:14 p.m.
  • Length: 18:06
Show
View Real Time Build Order
Export as new Build Order

MasterCruz Protoss 

Build Orders:  

Get SALT Encoding   

  12  0:00  Probe (Chrono Boost)  
  13  0:13  Probe (Chrono Boost)  
  14  0:20  Probe (Chrono Boost)  
  15  0:23  Pylon  
  15  0:41  Probe  
  16  0:46  Gateway  
  16  0:53  Probe  
  17  1:00  Gateway  
  17  1:05  Probe  
  18  1:14  Pylon  
  18  1:23  Assimilator  
  18  1:24  Forge  
  18  1:37  Cybernetics Core  
  18  1:47  Zealot  
  20  1:52  Pylon  
  20  2:01  Photon Cannon  
  20  2:04  Probe  
  21  2:13  Pylon  
  21  2:16  Probe  
  22  2:24  Warp Gate (Chrono Boost)  
  22  2:29  Probe  
  23  2:31  Assimilator  
  23  2:44  Photon Cannon  
  23  3:12  Pylon  
  23  3:22  Stalker  
  23  3:23  Sentry  
  27  3:30  Probe (Chrono Boost)  
  27  3:33  Nexus  
  29  3:41  Probe (Chrono Boost)  
  29  4:02  Gateway  
  29  4:03  Pylon  
  29  4:06  Stalker  
  31  4:10  Zealot  
  33  4:29  Pylon  
  33  4:30  Zealot  
  35  4:33  Sentry  
  37  5:12  Stalker x3  
  43  5:35  Stalker  
  43  5:36  Stalker x2  
  43  5:40  Probe  
  50  5:46  Probe  
  51  5:52  Probe  
  51  5:53  Robotics Facility  
  52  5:58  Probe  
  53  6:04  Probe  
  48  6:14  Stalker x3  
  54  6:23  Probe  
  54  6:24  Probe  
  56  6:35  Probe  
  49  6:47  Immortal  
  49  6:50  Zealot x2  
  57  6:59  Zealot  
  52  7:29  Zealot x3  
  46  7:50  Stalker x2  
  46  7:51  Stalker  
  41  8:13  Stalker  
  41  8:14  Stalker x2  
  41  8:18  Probe x2  
  47  8:30  Probe  
  48  8:35  Pylon  
  48  8:38  Pylon  
  48  8:39  Immortal (Chrono Boost)  
  52  8:48  Probe (Chrono Boost)  
  54  8:51  Probe (Chrono Boost)  
  54  9:05  Stalker  
  54  9:06  Zealot  
  58  9:11  Assimilator  
  58  9:16  Assimilator  
  58  9:25  Photon Cannon  
  58  9:33  Probe  
  58  9:34  Photon Cannon  
  59  9:41  Twilight Council  
  59  9:48  Gateway  
  59  9:57  Zealot  
  59  9:59  Sentry x2  
  65  10:05  Protoss Ground Weapons Level 1  
  65  10:18  Zealot  
  67  10:23  Blink (Chrono Boost)  
  67  10:28  Stalker  
  70  10:35  Probe x2  
  69  10:48  Zealot  
  69  10:49  Zealot  
  49  11:28  Stalker x4  
  49  11:31  Immortal  
  53  11:51  Probe x2  
  53  11:52  Sentry x3  
  61  12:02  Stargate  
  61  12:03  Stalker  
  61  12:04  Probe (Chrono Boost)  
  64  12:11  Probe (Chrono Boost)  
  66  12:17  Stalker  
  66  12:21  Probe (Chrono Boost)  
  66  12:27  Stalker x2  
  70  12:34  Stalker  
  72  12:52  Stalker  
  72  12:53  Stalker x2  
  72  12:55  Protoss Ground Armor Level 1  
  78  13:07  Pylon  
  78  13:08  Pylon  
  78  13:25  Phoenix  
  82  13:28  Charge, Probe (Chrono Boost)  
  82  13:30  Probe (Chrono Boost)  
  82  13:37  Probe  
  82  13:38  Probe  
  82  13:39  Robotics Bay  
  84  13:55  Pylon  
  84  13:57  Nexus  
  84  14:00  Observer  
  89  14:20  Stalker  
  89  14:21  Stalker  
  89  14:22  Void Ray  
  93  14:27  Assimilator  
  93  14:39  Probe  
  94  14:50  Photon Cannon  
  94  15:08  Colossus  
  100  15:14  Pylon  
  100  15:15  Probe x2  
  100  15:18  Probe  
  103  15:23  Extended Thermal Lance  
  103  15:27  Probe x2  
  105  15:30  Probe  
  105  15:32  Robotics Facility  
  105  15:34  Assimilator  
  106  15:39  Probe x2  
  108  15:43  Probe  
  109  15:51  Probe  
  108  16:09  Pylon  
  108  16:12  Photon Cannon  
  108  16:13  Photon Cannon, Gateway  
  108  16:17  Gateway  
  108  16:19  Gateway  
  101  16:41  Stalker x2  
  101  16:42  Zealot  
  38  17:40  Zealot  
  38  17:41  Zealot x2  
Show
View Real Time Build Order
Export as new Build Order

MattBarry Zerg - Winner!

Build Orders: Hatch First, Lurkers 

Get SALT Encoding   

  12  0:00  Drone  
  13  0:12  Overlord  
  13  0:17  Drone  
  14  0:30  Drone x2  
  16  0:50  Hatchery  
  16  0:52  Drone  
  16  0:56  Drone  
  17  1:00  Drone  
  18  1:09  Extractor  
  17  1:16  Spawning Pool  
  16  1:19  Drone  
  18  1:25  Drone  
  18  1:30  Drone  
  19  1:38  Drone  
  20  2:03  Queen  
  20  2:04  Queen  
  20  2:07  Overlord  
  24  2:13  Evolution Chamber  
  23  2:22  Drone x2  
  25  2:33  Zergling x4  
  25  2:34  Zergling x2, Drone  
  29  2:40  Queen  
  29  2:42  Zerg Missile Weapons Level 1  
  31  2:49  Roach Warren  
  30  2:52  Extractor  
  28  3:02  Spine Crawler  
  26  3:13  Zergling x4, Spine Crawler  
  26  3:15  Zergling x2  
  30  3:39  Metabolic Boost  
  30  3:49  Lair  
  30  3:53  Drone x5  
  33  4:01  Drone x2  
  35  4:09  Drone  
  36  4:21  Spore Crawler  
  36  4:23  Spore Crawler  
  34  4:24  Overlord  
  34  4:38  Roach  
  34  4:39  Overlord  
  36  4:54  Glial Reconstitution  
  34  5:06  Roach  
  38  5:07  Roach x5  
  46  5:16  Roach  
  46  5:17  Roach  
  50  5:25  Roach  
  51  5:29  Overlord  
  51  5:56  Roach x5  
  58  6:00  Overlord x2  
  58  6:14  Roach  
  60  6:20  Queen x2  
  62  6:49  Zergling x20  
  72  7:07  Drone x4  
  76  7:10  Overlord x2  
  70  7:41  Ravager  
  70  7:42  Ravager x3  
  72  7:44  Ravager  
  53  8:16  Roach x7, Hatchery  
  53  8:18  Drone x4  
  53  8:19  Zergling x8, Drone  
  75  8:22  Queen  
  74  8:35  Zerg Melee Weapons Level 1  
  74  8:45  Drone x2, Extractor  
  74  8:46  Drone x6  
  81  8:59  Overseer  
  81  9:11  Hydralisk Den  
  81  9:15  Evolution Chamber  
  79  9:29  Hydralisk Den  
  78  9:48  Queen  
  80  9:57  Grooved Spines  
  80  9:58  Muscular Augments  
  80  9:59  Zerg Ground Armor Level 1  
  80  10:06  Extractor  
  80  10:07  Extractor  
  78  10:12  Hydralisk x3  
  84  10:16  Zergling x12  
  84  10:17  Drone x4  
  84  10:18  Drone  
  95  10:31  Hydralisk  
  95  10:33  Overlord x3  
  96  10:49  Zerg Missile Weapons Level 2  
  96  10:55  Drone x4  
  96  10:56  Drone x6  
  106  10:59  Lurker Den  
  106  11:02  Hydralisk  
  106  11:03  Roach x3  
  106  11:22  Overlord x4  
  106  11:27  Overlord x2  
  106  11:47  Hatchery  
  106  11:51  Drone x5  
  110  11:54  Extractor  
  109  12:02  Zerg Ground Armor Level 2  
  109  12:04  Infestation Pit  
  108  12:12  Hydralisk, Zergling x8  
  108  12:13  Hydralisk, Zergling x6  
  118  12:43  Hydralisk x5, Drone x6  
  118  12:44  Hydralisk x2  
  138  13:10  Lurker x5  
  138  13:11  Lurker  
  144  13:16  Queen  
  146  13:42  Overlord x3  
  146  13:47  Hive  
  146  13:49  Pneumatized Carapace  
  146  13:56  Overlord x2  
  146  14:13  Hydralisk  
  146  14:14  Hydralisk x4  
  146  14:15  Hydralisk x5  
  146  14:16  Hydralisk  
  168  14:19  Roach x3  
  168  14:20  Roach x6  
  186  14:24  Lurker x3  
  186  14:25  Extractor  
  186  14:26  Lurker  
  186  14:29  Ravager x3, Extractor  
  191  14:32  Overlord  
  191  14:59  Drone x2  
  194  15:00  Drone  
  194  15:34  Seismic Spines  
  194  15:43  Burrow  
  194  16:13  Pathogen Glands  
  194  16:15  Hatchery  
  194  16:17  Hatchery  
  192  16:31  Adaptive Talons  
  192  16:43  Hydralisk  
  192  16:44  Hydralisk x4  
  168  17:35  Hydralisk x19  
Tags
 
Composition
Lurkers
League
Gold
Matchup
PvZ
Replay Pack
Multiplayer
Spawn Locations
Cross Positions
Add a new tag
Caveats
  • Supply blocks, unpowered buildings, or Contaminate may cause inaccurate times.
  • Supply counts are checked every 10 seconds.